 Dungeon Crawl Stone Soup version 0.30.1 (webtiles) character file.

Game seed: 17268144546477497788

3635 monsoonserge the Grappler (level 9, -3/68 HPs)
             Began as a Purple Draconian Transmuter on July 8, 2023.
             Was a Believer of Ru.
             Slain by a hornet (14 damage)
             ... on level 8 of the Dungeon.
             The game lasted 00:36:18 (9294 turns).

monsoonserge the Grappler (DrTm)                    Turns: 9294, Time: 00:36:20

Health: -3/68      AC:  9    Str: 17    XL:     9   Next: 87%
Magic:  2/13       EV: 12    Int: 14    God:    Ru [**....]
Gold:   502        SH:  0    Dex: 11    Spells: 3/13 levels left

rFire   . .          .
                       - Unarmed
rCold   . . .        (no shield)
rNeg    . . .        (body armour unavailable)
rPois   .            (helmet currently unavailable)
rElec   .            (no cloak)
rCorr   .            G - +1 pair of gloves
SInv    .            (boots currently unavailable)
Will    +....        (no amulet) Stlth
                     (no ring)
HPRegen 0.31/turn    (no ring)
MPRegen 0.13/turn

%: no passive effects
@: lethally poisoned (-3 -> -12), appendages (expiring), contaminated, slowed,
glowing, very slow
A: horns 2, talons 2, breathe power, AC +7, unfitting armour, cold-blooded, no
stealth, unskilled 1, teleportitis 1
a: Breathe Dispelling Energy, End Transformation, Renounce Religion


You were on level 8 of the Dungeon.
You worshipped Ru.
Ru was pleased with you.
You had temporarily grown beastly horns and talons.
You visited 2 branches of the dungeon, and saw 9 of its levels.
You also visited: Ossuary.

You collected 502 gold pieces.

Inventory:

Hand Weapons
 e - a +0 sling
Missiles
 f - 11 javelins (quivered)
 h - 22 poisoned darts
 F - a throwing net
Armour
 G - a +1 pair of gloves (worn)
Magical Staves
 b - the staff of death "Pehenlat" {rN+ Int+3}
   (You found it on level 7 of the Dungeon)

   [staff of death]

   Base accuracy: +5 Base damage: 5 Base attack delay: 1.2 This weapon's minimum
   attack delay (0.6) is reached at skill level 12.
   Int:       It affects your intelligence (+3).
   rN:        It protects you from negative energy.
   It falls into the 'Staves' category.
   It is a one-handed weapon.
Jewellery
 i - a ring of fire
Wands
 a - a wand of roots (12)
 d - a wand of mindburst (13)
 E - a wand of acid (15)
Scrolls
 c - 4 scrolls of noise {unknown}
 g - a scroll of enchant armour {unknown}
 j - 6 scrolls of poison
 k - a scroll of brand weapon {unknown}
 n - a scroll of blinking {unknown}
 o - a scroll of vulnerability {unknown}
 q - 2 scrolls of fog
 s - 2 scrolls of amnesia
 v - 4 scrolls of teleportation
Potions
 l - 2 potions of heal wounds
 m - a potion of haste
 p - a potion of berserk rage {unknown}
 r - 4 potions of resistance
 t - 2 potions of attraction
 u - a potion of invisibility {unknown}
 w - a potion of lignification
 x - a potion of magic {unknown}
 z - 5 potions of curing
 A - a potion of cancellation {unknown}
 B - 4 potions of mutation
 C - 3 potions of flight {unknown}
 D - a potion of might {unknown}


   Skills:
 + Level 2.9 Fighting
 + Level 0.6 Throwing
 + Level 3.4 Dodging
 * Level 10.9 Unarmed Combat
 + Level 2.7 Spellcasting
 * Level 5.6 Transmutations
 + Level 1.0 Ice Magic
 - Level 1.0 Poison Magic
 - Level 1.0 Evocations


You had 3 spell levels left.
You knew the following spells:

 Your Spells              Type           Power      Damage    Failure   Level
a - Beastly Appendage     Tmut           34%        N/A       2%          1
b - Spider Form           Tmut/Pois      11%        N/A       17%         3
c - Ice Form              Ice/Tmut       11%        N/A       50%         4
d - Wereblood             Tmut           17%        N/A       3%          2

Your spell library contained the following spells:

 Spells                   Type           Power      Damage    Failure   Level
 Lesser Beckoning         Tloc           2%         N/A       32%         2
 Call Canine Familiar     Summ           1%         N/A       54%         3
 Gell's Gravitas          Tloc           1%         N/A       54%         3
 Portal Projectile        Hex/Tloc       2%         N/A       54%         3
 Teleport Other           Tloc           1%         N/A       54%         3
 Leda's Liquefaction      Hex/Erth       0%         N/A       91%         4
 Dispersal                Tloc           0%         N/A       100%        6


Dungeon Overview and Level Annotations

Branches:
Dungeon (8/15)             Temple (1/1) D:4         Ossuary (visited)
   Lair: D:8-11

Altars:
Ashenzari
Cheibriados
Dithmenos
Fedhas
Gozag
Hepliaklqana
Kikubaaqudgha
Makhleb
Nemelex Xobeh
Okawaru
Qazlal
Ru
Sif Muna
Uskayaw
Wu Jian
Xom
Zin
The Shining One


Innate Abilities, Weirdness & Mutations

You have temporarily grown beastly horns and talons.
You can breathe bolts of dispelling energy.
Your rich purple scales are hard. (AC +7)
You cannot fit into any form of body armour.
You are cold-blooded and may be slowed by cold attacks.
You cannot be stealthy.
You are somewhat unskilled. (-1 Apt)
You are occasionally teleported next to monsters.


Message History

You hit the hornet but do no damage. You claw the hornet.
The hornet is heavily wounded.
The hornet stings you but does no damage.
The hornet stings you.
You suddenly lose the ability to move!
Your body shudders with the violent release of wild energies!
You feel weirdly uncertain.
You redirect the hornet's attack!
The hornet stings itself.
You can move again.
You barely miss the hornet. You claw the hornet, but do no damage.
Your punch misses the hornet.
The hornet is heavily wounded.
The hornet closely misses you.
The hornet is stunned by your conviction and fails to attack.
Expiring: You have temporarily grown beastly horns and talons.
You are contaminated with residual magic.
You are slowed.
You are glowing.
Your movement speed is very slow.
Your attack delay is about 1.1.
Your damage rating with unarmed combat is about 16 (Base [3 + 10 (UC)] x 117% (Str) x 104% (Fight)).
You barely miss the hornet.
The hornet is heavily wounded.
The hornet stings you!
You are poisoned.
You feel as though you will be slow longer.
The hornet stings you.
* * * LOW HITPOINT WARNING * * *
You are more poisoned.
You feel as though you will be slow longer.
You punch the hornet!
The hornet is severely wounded.
* * * LOW HITPOINT WARNING * * *
You feel very sick.
The hornet stings you but does no damage.
You barely miss the hornet. You claw the hornet.
Your headbutt misses the hornet.
The hornet is almost dead.
* * * LOW HITPOINT WARNING * * *
You feel very sick. The hornet stings you!
You die...

..........).........
y..........####.####
...........###.#
#..............#
#y.....>.....###
#....#.....#.#
#.)###.....#.###
#..###.###.....#
#...y@.# #.....#
##.##### #>....# #.#
#.....# #.# #.....#
#.> ####### ###


You could see a hornet.

Vanquished Creatures
  Prince Ribbit (D:6)
  3 swamp worms (D:7)
  A water moccasin (D:4)
  Duvessa (D:5)
  An ice beast (D:7)
  3 black bears (D:6)
  4 orc warriors
  4 ogres
  2 phantoms
  Blork the orc (D:4)
  A kobold brigand (D:6)
  5 scorpions
  Dowan (D:5)
  A killer bee (D:8)
  4 jellies
  2 hounds
  5 orc priests
  A sleepcap (D:6)
  Ijyb (D:4)
  5 iguanas
  10 orc wizards
  8 mummies (Ossuary)
  12 adders
  A shadow imp (D:6)
  2 white imps
  2 ufetubi
  5 dart slugs
  30 orcs
  13 ball pythons
  4 endoplasms
  2 giant cockroaches
  A gnoll zombie (Ossuary)
  4 goblins
  9 hobgoblins
  5 jackals (D:2)
  5 quokkas
  3 bats
  A frilled lizard (D:3)
  2 hobgoblin zombies (Ossuary)
  9 kobolds
  2 kobold zombies (Ossuary)
  3 orc zombies (Ossuary)
  3 rats
183 creatures vanquished.

Notes
Turn   | Place    | Note
-------+----------+-------------------------------------------
     0 | D:1      | monsoonserge the Draconian Transmuter began the quest for
                  | the Orb.
     0 | D:1      | Reached XP level 1. HP: 16/16 MP: 3/3
    80 | D:1      | Found a faded altar of an unknown god.
   345 | D:1      | Reached XP level 2. HP: 19/23 MP: 3/5
  1078 | D:2      | Reached skill level 4 in Unarmed Combat
  1120 | D:2      | Reached XP level 3. HP: 19/28 MP: 4/6
  1516 | D:2      | Reached XP level 4. HP: 24/35 MP: 5/7
  1704 | D:2      | Reached skill level 5 in Unarmed Combat
  1928 | D:2      | Found a hazy altar of Hepliaklqana.
  2290 | D:3      | Reached XP level 5. HP: 33/41 MP: 8/8
  2885 | D:3      | Found a sacrificial altar of Ru.
  3090 | D:4      | Noticed Ijyb
  3104 | D:4      | Killed Ijyb
  3105 | D:4      | Reached skill level 6 in Unarmed Combat
  3328 | D:4      | Found an opulent altar of Gozag.
  3416 | D:3      | Became a worshipper of Ru the Awakened
  3515 | D:3      | Reached XP level 6. HP: 47/48 MP: 9/9
  3589 | D:4      | Noticed Blork the orc
  3599 | D:4      | Killed Blork the orc
  3714 | D:4      | Found a staircase to the Ecumenical Temple.
  3731 | Temple   | Entered the Ecumenical Temple
  3875 | D:4      | Found an iron altar of Okawaru.
  3875 | D:4      | Found a glowing silver altar of Zin.
  4033 | D:4      | Noticed a water moccasin
  4050 | D:4      | Killed a water moccasin
  4051 | D:4      | Reached skill level 7 in Unarmed Combat
  4056 | D:4      | Your scales start taking on a rich purple colour.
  4056 | D:4      | Reached XP level 7. HP: 8/55 MP: 10/10
  4249 | D:4      | Reached skill level 8 in Unarmed Combat
  4649 | D:4      | Learned a level 3 spell: Spider Form
  4654 | D:4      | Learned a level 4 spell: Ice Form
  4655 | D:5      | Entered Level 5 of the Dungeon
  4791 | D:5      | Noticed Duvessa
  4792 | D:5      | Noticed Dowan
  4815 | D:5      | Killed Duvessa
  4816 | D:5      | Killed Dowan
  4817 | D:5      | Reached skill level 1 in Poison Magic
  4827 | D:5      | Reached skill level 1 in Ice Magic
  4833 | D:5      | Reached XP level 8. HP: 10/61 MP: 10/12
  4951 | D:5      | Found an ancient bone altar of Kikubaaqudgha.
  4953 | D:5      | Found a blossoming altar of Fedhas.
  4988 | D:5      | Found a shimmering blue altar of Sif Muna.
  5005 | D:5      | Reached skill level 9 in Unarmed Combat
  5192 | D:5      | Found a sand-covered staircase.
  5199 | Ossuary  | Entered an ossuary
  5200 | Ossuary  | Gained mutation: You cannot be stealthy. [Ru sacrifice]
  5748 | D:5      | Identified the +6 war axe of True Grit {spect, SInv}
  6178 | D:6      | Reached skill level 1 in Evocations
  6221 | D:6      | Noticed Prince Ribbit
  6225 | D:6      | Killed Prince Ribbit
  6340 | D:6      | Reached skill level 10 in Unarmed Combat
  6427 | D:6      | Reached XP level 9. HP: 58/68 MP: 13/13
  6790 | D:6      | Reached skill level 5 in Transmutations
  7350 | D:7      | Found a shadowy altar of Dithmenos.
  7386 | D:7      | Identified the staff of death "Pehenlat" {rN+ Int+3}
  7459 | D:7      | Found an ornate altar of the Wu Jian Council.
  7753 | D:7      | Reached skill level 11 in Unarmed Combat
  8014 | D:7      | Found a stormy altar of Qazlal.
  8767 | D:7      | Learned a level 2 spell: Wereblood
  8845 | D:8      | Gained mutation: You are somewhat unskilled. (-1 Apt) [Ru
                  | sacrifice]
  8845 | D:8      | Reduced skill Unarmed Combat to level 10
  8845 | D:8      | Reduced skill Transmutations to level 5
  8845 | D:8      | Reached * piety under Ru
  8845 | D:8      | Reached ** piety under Ru
  8900 | D:8      | Reached skill level 1 in Poison Magic
  8900 | D:8      | Reached skill level 1 in Evocations
  8919 | D:8      | Found a broken altar of Ashenzari.
  9289 | D:8      | Paralysed by a hornet for 2 turns
  9289 | D:8      | Gained mutation: You are occasionally teleported next to
                  | monsters. [mutagenic glow]
  9294 | D:8      | Slain by a hornet

Illustrated notes

Levels and vault maps discovered:
D:1:      eino_arrival_cavern_e, layout_basic,
          hellmonk_ecumenical_altar_arch_garden
D:2:      layout_loops_ring, basic_altar, minmay_snake_closets
D:3:      layout_basic, mainiacjoe_overflow_tiny_flanked
D:4:      layout_gridville, nicolae_gozag_seed_capital,
          nicolae_overflow_two_pavilions, minmay_temple_entry_stoned_glass,
          uniq_ijyb, uniq_blork_the_orc
D:5:      layout_basic, grunt_temple_overflow_growth_and_decay,
          mainiacjoe_overflow_24_doors, chequers_ossuary_entry_cave,
          uniq_duvessa
D:6:      nicolae_cairo_tiling_large, layout_basic, uniq_prince_ribbit1
D:7:      layout_loops_ring, mainiacjoe_overflow_paths, lemuel_crystal_altar,
          kennysheep_mini, glass_columns_a, worms_lemuel
D:8:      layout_loops_cross, nicolae_ashenzari_skybound, amcnicky_altar_gilded
Temple:   nicolae_temple_bog_church

Skill      XL: |  1  2  3  4  5  6  7  8  9 |
---------------+----------------------------+-----
Dodging        | 2 3 |  3.4
Unarmed Combat | 4 5 6 7 8 10 10 | 10.9
Fighting       | 2 2 |  2.9
Poison Magic   | 1 1 |  1.0
Ice Magic      | 1 |  1.0
Transmutations | 3 4 5 |  5.6
Spellcasting   | 3 2 |  2.7
Evocations     | 1 1 |  1.0
Throwing       | |  0.6

Action                     |  1- 3 |  4- 6 |  7- 9 || total
---------------------------+-------+-------+-------++-------
  Melee: Unarmed           |   109 |    81 |   321 ||   511
         Tailslap          |     8 |    10 |    20 ||    38
         Kick              |    17 |    22 |    56 ||    95
         Headbutt          |     6 |    16 |    38 ||    60
         Punch             |     1 |     3 |    10 ||    14
         Flail             |       |    48 |     5 ||    53
  Throw: Javelin           |       |       |     9 ||     9
         Dart              |       |       |     2 ||     2
   Cast: Beastly Appendage |    22 |    30 |    45 ||    97
         Spider Form       |       |       |    12 ||    12
 Invoke: Sacrifice Stealth |       |       |     1 ||     1
         Sacrifice Skill   |       |       |     1 ||     1
  Evoke: Wand              |       |     1 |     4 ||     5
    Use: Potion            |       |     2 |     4 ||     6
         Scroll            |       |       |     7 ||     7
   Stab: Sleeping          |     2 |     1 |       ||     3
 Armour: Skin              |    37 |    40 |    46 ||   123
  Dodge: Dodged            |    79 |    91 |   173 ||   343
